 Dungeon Crawl Stone Soup version 0.20-a0-850-ge5a7832 (webtiles) character file.

72 pichaelthompson the Ducker (level 4, -2/34 HPs)
             Began as a Demonspawn Gladiator on Mar 9, 2017.
             Slain by Robin
             ... wielding a +0 vampiric trident
              (9 damage)
             ... on level 2 of the Dungeon.
             The game lasted 00:06:06 (1771 turns).

pichaelthompson the Ducker (Demonspawn Gladiator)   Turns: 1771, Time: 00:06:06

Health: -2/34      AC:  4    Str: 15    XL:     4   Next: 7%
Magic:  4/4        EV: 13    Int: 10    God:
Gold:   67         SH:  0    Dex: 14    Spells: 3/3 levels left

rFire    . . .     SeeInvis .   a - +0 flail
rCold    . . .     Gourm    .   b - +0 leather armour
rNeg     . . .     Faith    .   (no shield)
rPois    .         Spirit   .   i - +1 hat
rElec    .         Reflect  .   (no cloak)
rCorr    .         Harm     .   (no gloves)
MR       .....                  (no boots)
Stlth    +.........             (no amulet)
Regen    0.2/turn               (no ring)
MPRegen  0.1/turn               (no ring)

@: very slightly contaminated, hasted, very quick
A: antennae 2
a: no special abilities


You were on level 2 of the Dungeon.
You were not hungry.

You visited 1 branch of the dungeon, and saw 2 of its levels.

You collected 67 gold pieces.

Inventory:

Hand Weapons
 a - a +0 flail (weapon)
Missiles
 d - 3 throwing nets (quivered)
Armour
 b - a +0 leather armour (worn)
 i - a +1 hat (worn)
 l - a +0 ring mail
Scrolls
 c - a scroll of remove curse {unknown}
 e - a scroll of identify {unknown}
 j - a scroll of enchant weapon {unknown}
Potions
 k - a potion of haste
Comestibles
 f - 3 bread rations


   Skills:
 + Level 2.6 Fighting
 + Level 3.1 Maces & Flails
 + Level 2.0 Throwing
 + Level 1.1 Armour
 + Level 3.2 Dodging
 + Level 0.6 Stealth


You had 3 spell levels left.
You didn't know any spells.

Dungeon Overview and Level Annotations

Branches:
Dungeon (2/15)

Altars:

Annotations:
D:2 Robin


Innate Abilities, Weirdness & Mutations

You have a pair of antennae on your head.


Message History

You kill the hobgoblin!
Robin hits you from afar with a vampiric trident!
* * * LOW HITPOINT WARNING * * *
You sock the jackal!
You kill the jackal!
You barely miss the hobgoblin. Robin closely misses you.
You closely miss the hobgoblin. The hobgoblin barely misses you.
Robin closely misses you.
You thump the hobgoblin!
You kill the hobgoblin!
Robin completely misses you.
Items here: )))))))) ††††††† Robin completely misses you.
You hit Robin but do no damage. You hit Robin but do no damage.
Robin hits you with a vampiric trident.
* * * LOW HITPOINT WARNING * * *
You hit Robin.
Robin is lightly wounded.
Robin hits you with a vampiric trident!
You die...

#. #. #! ..# #.. .###
#.# #.#
g....##.#+#.####
.....'.........###
g..(#.....)..@).+
#..........g###{
###.........#
..#.........#
#.#..#+###### #.#..#
####+#.#..#
..........###########
..>.................#


You could see Robin.

Vanquished Creatures
  2 adders
  3 dart slugs
  A leopard gecko (D:1)
  A giant cockroach (D:1)
  7 hobgoblins
  4 jackals
  2 bats (D:1)
  2 frilled lizards (D:1)
  14 goblins
  2 kobolds (D:1)
  5 rats (D:1)
43 creatures vanquished.

Notes
Turn   | Place    | Note
-------+----------+-------------------------------------------
     0 | D:1      | pichaelthompson the Demonspawn Gladiator began the quest for the Orb.
     0 | D:1      | Reached XP level 1. HP: 16/16 MP: 1/1
   186 | D:1      | Gained mutation: You have a pair of small antennae on your head. [demonic ancestry]
   186 | D:1      | Reached XP level 2. HP: 2/22 MP: 2/2
   992 | D:1      | Gained mutation: You have a pair of antennae on your head. [demonic ancestry]
   992 | D:1      | Reached XP level 3. HP: 28/28 MP: 3/3
  1722 | D:2      | Noticed Robin
  1723 | D:2      | Reached skill level 1 in Armour
  1761 | D:2      | Reached XP level 4. HP: 16/34 MP: 4/4
  1771 | D:2      | Slain by Robin

Vault maps used:
D:1:      grunt_arrival_crossed_arrows, due_unseen_surprise
D:2:      nicolae_overflow_crystal_walls, gammafunk_temple_overflow_wave,
          feat_on_display, uniq_jessica, uniq_robin, uniq_sigmund

Skill      XL: |  1  2  3 |
---------------+----------+-----
Throwing       | 2 |  2.0
Dodging        | 3 |  3.2
Maces & Flails | 3 |  3.1
Armour         | 1 |  1.1
Fighting       | |  2.6
Stealth        | |  0.6

Action                   |  1- 3 |  4- 6 || total
-------------------------+-------+-------++-------
Melee: Flail             |   124 |     8 ||   132
  Use: Potion            |     4 |       ||     4
 Stab: Sleeping          |     2 |       ||     2
  Eat: Chunk             |     3 |       ||     3
Armor: Leather armour    |    43 |       ||    43
Dodge: Dodged            |   130 |     6 ||   136
